 Dungeon Crawl Stone Soup version 0.29.0-4-gdea44cf6ec (webtiles) character file.

Game seed: 1713852260538674770

6504 qw the Grappler (level 10, -8/96 HPs)
             Began as a Troll Cinder Acolyte on Sept 2, 2022.
             Was an Initiate of Okawaru.
             Mangled by a komodo dragon (28 damage)
             ... on level 2 of the Lair of Beasts.
             The game lasted 00:04:12 (8516 turns).

qw the Grappler (Troll Cinder Acolyte)              Turns: 8516, Time: 00:04:13

Health: -8/96      AC:  7    Str: 28    XL:     10   Next: 69%
Magic:  10/10      EV: 12    Int:  8    God:    Okawaru [......]
Gold:   1405       SH:  6    Dex:  5    Spells: 11/11 levels left

rFire   . . .      SeeInvis +     - Unarmed
rCold   + . .      Faith    .   m - +0 kite shield
rNeg    . . .      Spirit   .   j - +0 robe {rC+}
rPois   .          Reflect  .   (helmet restricted)
rElec   .          Harm     .   l - +2 cloak
rCorr   .          Rampage  .   (gloves unavailable)
Will    .....                   (boots unavailable)
Stlth   +.........              (no amulet)
HPRegen 1.06/turn               q - ring of see invisible
MPRegen 0.12/turn               a - +4 ring of evasion

@: fire susceptible
A: large, unfitting armour, claws 3, regeneration 1, shaggy fur 1, tough skin 1,
dopey 1
a: Renounce Religion


You were on level 2 of the Lair of Beasts.
You worshipped Okawaru.
Okawaru was noncommittal.
You visited 3 branches of the dungeon, and saw 12 of its levels.

You collected 1565 gold pieces.
You spent 160 gold pieces at shops.


Innate Abilities, Weirdness & Mutations

You are too large for most types of armour.
You have claws for hands.
Your natural rate of healing is unusually fast.
You are covered in fur. (AC +1)
You have tough skin. (AC +1)
You are dopey. (Int -2)


   Skills:
 - Level 5.4 Fighting
 - Level 5.0 Throwing
 - Level 1.7 Armour
 - Level 1.8 Dodging
 + Level 2.1 Shields
 - Level 13.6 Unarmed Combat
 - Level 1.0 Spellcasting
 - Level 2.1 Fire Magic


You had 11 spell levels left.
You didn't know any spells.
Your spell library contained the following spells:

 Spells                   Type           Power      Damage    Failure   Level
 Scorch                   Fire           6%         2d5       52%         2

Inventory:

Missiles
 p - 11 boomerangs (quivered)
Armour
 j - a +0 robe of cold resistance (worn)
 l - a +2 cloak (worn)
 m - a +0 kite shield (worn)
Jewellery
 a - a +4 ring of evasion (right claw)
 h - a ring of fire
 n - a +6 ring of strength
 q - a ring of see invisible (left claw)
Scrolls
 c - 6 scrolls of identify
 f - 4 scrolls of teleportation
 g - 2 scrolls of enchant armour
Potions
 b - 11 potions of curing
 d - a potion of might
 e - 2 potions of haste
 i - a potion of heal wounds
 k - 2 potions of mutation

Dungeon Overview and Level Annotations

Branches:
Dungeon (9/15)             Temple (1/1) D:6            Lair (1/5) D:9
    Orc (0/2) D:9

Altars:
Ashenzari
Dithmenos
Fedhas
Gozag
Okawaru
Qazlal
Ru
Sif Muna
Trog
Yredelemnul

Shops:
D:2 ?   D:3 *


Message History

You throw a large rock. The large rock hits the yak!
The yak is almost dead.
A water moccasin comes into view.
8507 ||| Stepping ~*~*~tactically~*~*~ (stealth).
You scratch the yak but do no damage.
The yak is almost dead.
The yak gores you!
A yak comes into view.
8510 ||| Stepping ~*~*~tactically~*~*~ (outnumbered).
You block the komodo dragon's attack. You block the water moccasin's attack.
8511 ||| Stepping ~*~*~tactically~*~*~ (outnumbered).
A blink frog comes into view.
The komodo dragon bites you! You block the water moccasin's attack.
The blink frog gives a loud, deep croak!
You claw the water moccasin!
The water moccasin is heavily wounded.
The water moccasin closely misses you. The komodo dragon barely misses you.
You block the water moccasin's attack.
You mangle the water moccasin!!
You kill the water moccasin!
Okawaru accepts your kill. The komodo dragon bites you!!
The blink frog blinks!
A blink frog comes into view.
Your Shields skill increases to level 2!
You barely miss the yak.
The yak is almost dead.
You feel yourself speed up.
The blink frog croaks.
You hear a loud, deep croak!
The yak gores you. The yak gores you! The komodo dragon bites you!!
The blink frog blinks!
The komodo dragon barely misses you. The yak completely misses you.
You block the yak's attack.
You closely miss the yak.
The yak is almost dead.
The blink frog blinks!
A blink frog comes into view.
You claw the yak!
You kill the yak!
Okawaru accepts your kill. The yak gores you! The komodo dragon bites you!!
You die...

..# ..# .Y.##
..(.. ....#
######F¤..#
#@%Y......#
#Yl.....#.#
#.F.......#
#......F.P.#...
##.........# ..
#.........#
##......P...
#..........
~...#.[....#


You could see a komodo dragon, 2 yaks and 3 blink frogs.

Vanquished Creatures
  A rime drake (Lair:1)
  An unseen horror (D:8)
  A komodo dragon (Lair:1)
  A hornet (D:8)
  3 blink frogs (Lair:1)
  Sigmund (D:5)
  A wyvern (D:8)
  A yak (Lair:2)
  Eustachio (D:6)
  2 wargs (D:9)
  Edmund (D:5)
  5 water moccasins
  2 black bears
  8 orc warriors
  2 ice beasts
  An ogre (D:6)
  2 phantoms (D:6)
  3 centaurs
  A kobold brigand (D:4)
  2 bullfrogs
  A necrophage (D:6)
  A gnoll sergeant (D:9)
  3 scorpions
  11 killer bees
  5 howler monkeys
  4 hounds
  8 orc priests
  A gnoll bouda (D:6)
  3 jellies
  Jessica (D:3)
  Ijyb (D:4)
  5 orc wizards
  10 gnolls
  3 adders
  An ufetubus (D:5)
  3 dart slugs
  31 orcs
  3 bats
  4 endoplasms
  6 giant cockroaches
  3 goblins
  6 hobgoblins
  2 jackals (D:3)
  5 quokkas
  5 ball pythons
  2 frilled lizards (D:1)
  7 kobolds
  4 rats
179 creatures vanquished.

Notes
Turn   | Place    | Note
-------+----------+-------------------------------------------
     0 | D:1      | qw the Troll Cinder Acolyte began the quest for the Orb.
     0 | D:1      | Reached XP level 1. HP: 22/22 MP: 1/1
     0 | D:1      | 0 ||| qw: Version: 0.1-a-97-g2dd2ca4
     0 | D:1      | 0 ||| qw: Game counter: 4994
     0 | D:1      | 0 ||| qw: Always use a shield: true
     0 | D:1      | 0 ||| qw: God list: Okawaru
     0 | D:1      | 0 ||| qw: Allow faded altars: false
     0 | D:1      | 0 ||| qw: Do Orc after D:15 true
     0 | D:1      | 0 ||| qw: Do second Lair branch before Depths: true
     0 | D:1      | 0 ||| qw: Lair rune preference: random
     0 | D:1      | 0 ||| qw: Plans: Normal
     0 | D:1      | 0 ||| PLANNING D:1-11
   168 | D:1      | Reached XP level 2. HP: 29/29 MP: 2/2
   319 | D:1      | 319 ||| Stepping ~*~*~tactically~*~*~ (stealth).
   320 | D:1      | 320 ||| Stepping ~*~*~tactically~*~*~ (stealth).
   321 | D:1      | 321 ||| Stepping ~*~*~tactically~*~*~ (stealth).
   386 | D:1      | 386 ||| Stepping ~*~*~tactically~*~*~ (stealth).
   609 | D:1      | Reached skill level 4 in Unarmed Combat
   654 | D:1      | 654 ||| READING 2 scrolls labelled ANIULECZANG.
   655 | D:1      | 655 ||| READING 2 scrolls labelled WYSSAZX OSYSKU.
   682 | D:2      | 682 ||| Stepping ~*~*~tactically~*~*~ (hiding).
   688 | D:2      | Reached XP level 3. HP: 36/36 MP: 3/3
   906 | D:2      | 906 ||| Stepping ~*~*~tactically~*~*~ (outnumbered).
   907 | D:2      | 907 ||| Stepping ~*~*~tactically~*~*~ (outnumbered).
   908 | D:2      | 908 ||| Stepping ~*~*~tactically~*~*~ (outnumbered).
   909 | D:2      | 909 ||| Stepping ~*~*~tactically~*~*~ (outnumbered).
   910 | D:2      | 910 ||| Stepping ~*~*~tactically~*~*~ (outnumbered).
   911 | D:2      | 911 ||| Stepping ~*~*~tactically~*~*~ (outnumbered).
   917 | D:2      | 917 ||| INVOKING Fiery Armour.
   918 | D:2      | 918 ||| Stepping ~*~*~tactically~*~*~ (stealth).
   919 | D:2      | 919 ||| Stepping ~*~*~tactically~*~*~ (stealth).
   920 | D:2      | 920 ||| Stepping ~*~*~tactically~*~*~ (stealth).
   936 | D:2      | Reached skill level 5 in Unarmed Combat
   936 | D:2      | Reached XP level 4. HP: 33/44 MP: 4/4
   977 | D:2      | You fall into a shaft and drop 2 floors!
   986 | D:4      | 986 ||| READING scroll labelled RUPREK MEFAST.
   987 | D:4      | 987 ||| READING scroll labelled OCLACO CILE.
   988 | D:4      | 988 ||| READING scroll labelled ZISMAISAQIO.
  1001 | D:4      | 1001 ||| Stepping ~*~*~tactically~*~*~ (stealth).
  1009 | D:4      | 1009 ||| Stepping ~*~*~tactically~*~*~ (stealth).
  1010 | D:4      | 1010 ||| READING 2 scrolls of identify.
  1010 | D:4      | 1010 ||| IDENTIFYING yellow potion
  1012 | D:4      | 1012 ||| Stepping ~*~*~tactically~*~*~ (stealth).
  1014 | D:4      | 1014 ||| INVOKING Fiery Armour.
  1015 | D:4      | 1015 ||| Stepping ~*~*~tactically~*~*~ (stealth).
  1020 | D:4      | 1020 ||| Stepping ~*~*~tactically~*~*~ (stealth).
  1023 | D:4      | 1023 ||| Stepping ~*~*~tactically~*~*~ (stealth).
  1028 | D:4      | 1028 ||| Stepping ~*~*~tactically~*~*~ (hiding).
  1031 | D:4      | 1031 ||| Stepping ~*~*~tactically~*~*~ (hiding).
  1032 | D:4      | 1032 ||| Stepping ~*~*~tactically~*~*~ (hiding).
  1446 | D:2      | Found Sauneaf's Magic Scroll Boutique.
  1451 | D:2      | 1451 ||| UPGRADING to +6 ring of strength.
  1452 | D:2      | 1452 ||| READING scroll labelled NOFAHI GEUR.
  1455 | D:2      | 1455 ||| READING 2 scrolls of teleportation.
  1456 | D:2      | 1456 ||| FLEEEEING.
  1457 | D:2      | 1457 ||| FLEEEEING.
  1500 | D:2      | 1500 ||| Stepping ~*~*~tactically~*~*~ (stealth).
  1534 | D:2      | 1534 ||| BUYING scroll of enchant armour (105 gold).
  1534 | D:2      | Bought a scroll of enchant armour for 105 gold pieces
  1534 | D:2      | 1534 ||| SHOPLISTING scroll of enchant weapon (105 gold,
                  | have 53).
  1534 | D:2      | 1534 ||| BUYING scroll of identify (28 gold).
  1534 | D:2      | Bought a scroll of identify for 28 gold pieces
  1534 | D:2      | 1534 ||| SHOPLISTING scroll of identify (28 gold, have 25).
  1783 | D:2      | 1783 ||| READING 2 scrolls of identify.
  1783 | D:2      | 1783 ||| IDENTIFYING sapphire potion
  1784 | D:2      | 1784 ||| DROPPING potion of attraction.
  1998 | D:3      | Found Lamnungaobb's Assorted Antiques.
  2004 | D:3      | 2004 ||| BUYING ruby potion (27 gold).
  2004 | D:3      | Bought a ruby potion for 27 gold pieces
  2010 | D:3      | Noticed Jessica
  2017 | D:3      | Killed Jessica
  2018 | D:3      | Reached XP level 5. HP: 38/50 MP: 5/5
  2155 | D:3      | Reached skill level 6 in Unarmed Combat
  2162 | D:3      | Found a broken altar of Ashenzari.
  2275 | D:3      | 2275 ||| FLEEEEING.
  2276 | D:3      | 2276 ||| FLEEEEING.
  2469 | D:3      | 2469 ||| UPGRADING to +0 robe of cold resistance.
  2479 | D:3      | 2479 ||| DROPPING +0 robe.
  2480 | D:3      | 2480 ||| READING scroll labelled IJYUTO RANLEL.
  2581 | D:3      | 2581 ||| READING scroll labelled NOS NENESE.
  2582 | D:3      | 2582 ||| DRINKING 2 fuming purple potions.
  2582 | D:3      | Gained mutation: Your body sometimes deteriorates upon
                  | taking damage. [potion of mutation]
  2582 | D:3      | Gained mutation: You occasionally lose the ability to drink
                  | potions when taking damage. [potion of mutation]
  2583 | D:3      | 2583 ||| DRINKING potion of mutation.
  2583 | D:3      | Lost mutation: You occasionally lose the ability to drink
                  | potions when taking damage. [potion of mutation]
  2583 | D:3      | Lost mutation: Your body sometimes deteriorates upon taking
                  | damage. [potion of mutation]
  2583 | D:3      | Gained mutation: You expend magic power (3 MP) to
                  | strengthen your wands. [potion of mutation]
  2583 | D:3      | Gained mutation: You sometimes lose your temper in combat.
                  | [potion of mutation]
  2584 | D:3      | 2584 ||| READING 4 scrolls of identify.
  2584 | D:3      | 2584 ||| IDENTIFYING lumpy green potion
  2585 | D:3      | 2585 ||| READING 3 scrolls of identify.
  2585 | D:3      | 2585 ||| IDENTIFYING ruby potion
  2586 | D:3      | 2586 ||| DROPPING potion of ambrosia.
  2607 | D:4      | Noticed a black bear
  2613 | D:4      | 2613 ||| Stepping ~*~*~tactically~*~*~ (stealth).
  2619 | D:4      | Killed a black bear
  2620 | D:4      | Reached XP level 6. HP: 49/59 MP: 6/6
  2620 | D:4      | 2620 ||| STAIRDANCE
  2682 | D:4      | 2682 ||| Stepping ~*~*~tactically~*~*~ (hiding).
  2684 | D:4      | 2684 ||| Stepping ~*~*~tactically~*~*~ (hiding).
  2691 | D:4      | Reached skill level 7 in Unarmed Combat
  2759 | D:4      | 2759 ||| Stepping ~*~*~tactically~*~*~ (stealth).
  2788 | D:4      | 2788 ||| INVOKING Fiery Armour.
  2830 | D:4      | 2830 ||| Stepping ~*~*~tactically~*~*~ (stealth).
  2930 | D:4      | 2930 ||| DRINKING potion of mutation.
  2930 | D:4      | Lost mutation: You expend magic power (3 MP) to strengthen
                  | your wands. [potion of mutation]
  2930 | D:4      | Lost mutation: You sometimes lose your temper in combat.
                  | [potion of mutation]
  2930 | D:4      | Gained mutation: You are dopey. (Int -2) [potion of
                  | mutation]
  2944 | D:4      | Found an opulent altar of Gozag.
  2993 | D:4      | 2993 ||| INVOKING Fiery Armour.
  3054 | D:4      | 3054 ||| Stepping ~*~*~tactically~*~*~ (stealth).
  3144 | D:4      | Reached skill level 8 in Unarmed Combat
  3181 | D:4      | Noticed Ijyb
  3182 | D:4      | 3182 ||| Stepping ~*~*~tactically~*~*~ (hiding).
  3190 | D:4      | Killed Ijyb
  3191 | D:4      | Reached XP level 7. HP: 59/66 MP: 7/7
  3735 | D:4      | 3735 ||| READING 2 scrolls labelled RISHRO NOKLIUBE.
  3736 | D:4      | 3736 ||| DROPPING scroll of blinking.
  3775 | D:5      | Entered Level 5 of the Dungeon
  3802 | D:5      | Found a shimmering blue altar of Sif Muna.
  3839 | D:5      | Reached skill level 3 in Fighting
  3905 | D:5      | Noticed Sigmund
  3906 | D:5      | 3906 ||| Stepping ~*~*~tactically~*~*~ (hiding).
  3918 | D:5      | Killed Sigmund
  3966 | D:5      | Noticed Edmund
  3973 | D:5      | Killed Edmund
  3974 | D:5      | Reached skill level 9 in Unarmed Combat
  4233 | D:5      | 4233 ||| UPGRADING to +4 ring of evasion.
  4234 | D:5      | 4234 ||| READING scroll labelled JIHIAL BUFY.
  4234 | D:5      | Identified a scroll of acquirement
  4234 | D:5      | 4234 ||| ACQUIRING 887 gold pieces
  4234 | D:5      | Acquired 887 gold pieces
  4236 | D:5      | 4236 ||| READING scroll labelled IQIOBEOFONG.
  4237 | D:5      | 4237 ||| READING 2 scrolls of identify.
  4237 | D:5      | 4237 ||| IDENTIFYING fuming dark potion
  4238 | D:5      | 4238 ||| DROPPING potion of degeneration.
  4296 | D:6      | Reached skill level 1 in Dodging
  4296 | D:6      | Reached XP level 8. HP: 75/75 MP: 8/8
  4385 | D:6      | Reached skill level 10 in Unarmed Combat
  4415 | D:6      | Found a staircase to the Ecumenical Temple.
  4425 | D:6      | 4425 ||| Stepping ~*~*~tactically~*~*~ (stealth).
  4426 | D:6      | Noticed Eustachio
  4427 | D:6      | 4427 ||| Stepping ~*~*~tactically~*~*~ (hiding).
  4446 | D:6      | 4446 ||| Stepping ~*~*~tactically~*~*~ (outnumbered).
  4447 | D:6      | 4447 ||| INVOKING Fiery Armour.
  4460 | D:6      | Killed Eustachio
  4845 | D:6      | Reached skill level 1 in Throwing
  4967 | D:6      | 4967 ||| Stepping ~*~*~tactically~*~*~ (outnumbered).
  4969 | D:6      | 4969 ||| Stepping ~*~*~tactically~*~*~ (outnumbered).
  4976 | D:6      | Reached XP level 9. HP: 82/84 MP: 9/9
  4984 | D:6      | Reached skill level 3 in Throwing
  5077 | D:6      | 5077 ||| DROPPING ring of magical power.
  5078 | D:6      | 5078 ||| DRINKING 2 amethyst potions.
  5079 | D:6      | 5079 ||| DROPPING potion of flight.
  5302 | D:7      | 5302 ||| Stepping ~*~*~tactically~*~*~ (stealth).
  5316 | D:7      | 5316 ||| INVOKING Fiery Armour.
  5322 | D:7      | Reached skill level 11 in Unarmed Combat
  5397 | D:7      | 5397 ||| Stepping ~*~*~tactically~*~*~ (outnumbered).
  5464 | D:7      | 5464 ||| INVOKING Fiery Armour.
  5467 | D:7      | HP: 19/84 [something (3)]
  5472 | D:7      | HP: 18/84 [poisoned by a killer bee]
  5959 | D:7      | 5959 ||| READING 2 scrolls of identify.
  5959 | D:7      | 5959 ||| IDENTIFYING red potion
  6027 | D:8      | 6027 ||| Stepping ~*~*~tactically~*~*~ (stealth).
  6031 | D:8      | 6031 ||| Stepping ~*~*~tactically~*~*~ (outnumbered).
  6090 | D:8      | 6090 ||| FLEEEEING.
  6091 | D:8      | 6091 ||| FLEEEEING.
  6102 | D:8      | 6102 ||| INVOKING Fiery Armour.
  6103 | D:8      | Reached skill level 12 in Unarmed Combat
  6126 | D:8      | 6126 ||| FLEEEEING.
  6127 | D:8      | 6127 ||| FLEEEEING.
  6128 | D:8      | 6128 ||| FLEEEEING.
  6131 | D:8      | 6131 ||| FLEEEEING.
  6132 | D:8      | 6132 ||| FLEEEEING.
  6133 | D:8      | 6133 ||| FLEEEEING.
  6134 | D:8      | 6134 ||| FLEEEEING.
  6135 | D:8      | 6135 ||| FLEEEEING.
  6136 | D:8      | 6136 ||| FLEEEEING.
  6137 | D:8      | 6137 ||| FLEEEEING.
  6138 | D:8      | 6138 ||| FLEEEEING.
  6139 | D:8      | 6139 ||| FLEEEEING.
  6140 | D:8      | 6140 ||| FLEEEEING.
  6141 | D:8      | 6141 ||| FLEEEEING.
  6142 | D:8      | 6142 ||| FLEEEEING.
  6143 | D:8      | 6143 ||| FLEEEEING.
  6144 | D:8      | 6144 ||| FLEEEEING.
  6145 | D:8      | 6145 ||| STAIRDANCE
  6308 | D:8      | 6308 ||| INVOKING Fiery Armour.
  6385 | D:8      | Found a sacrificial altar of Ru.
  6425 | D:8      | Killed an unseen horror
  6563 | D:9      | Found a stormy altar of Qazlal.
  6617 | D:9      | Found a basalt altar of Yredelemnul.
  6638 | D:9      | 6638 ||| INVOKING Fiery Armour.
  6638 | D:9      | HP: 22/88 [killer bee (8)]
  6639 | D:9      | 6639 ||| READING 3 scrolls of teleportation.
  6640 | D:9      | 6640 ||| DRINKING 2 potions of heal wounds.
  6642 | D:9      | Reached XP level 10. HP: 15/96 MP: 10/10
  6643 | D:9      | HP: 11/96 [poisoned by a killer bee]
  6648 | D:9      | HP: 9/96 [poisoned by a killer bee]
  6794 | D:9      | 6794 ||| Stepping ~*~*~tactically~*~*~ (outnumbered).
  6795 | D:9      | 6795 ||| Stepping ~*~*~tactically~*~*~ (outnumbered).
  6796 | D:9      | 6796 ||| Stepping ~*~*~tactically~*~*~ (hiding).
  6797 | D:9      | 6797 ||| Stepping ~*~*~tactically~*~*~ (hiding).
  6948 | D:9      | 6948 ||| Stepping ~*~*~tactically~*~*~ (hiding).
  6971 | D:9      | 6971 ||| Stepping ~*~*~tactically~*~*~ (stealth).
  6973 | D:9      | 6973 ||| Stepping ~*~*~tactically~*~*~ (hiding).
  7084 | D:9      | Found a blossoming altar of Fedhas.
  7090 | D:9      | 7090 ||| Stepping ~*~*~tactically~*~*~ (hiding).
  7145 | D:9      | 7145 ||| Stepping ~*~*~tactically~*~*~ (hiding).
  7154 | D:9      | 7154 ||| Stepping ~*~*~tactically~*~*~ (outnumbered).
  7201 | D:9      | 7201 ||| Stepping ~*~*~tactically~*~*~ (hiding).
  7214 | D:9      | 7214 ||| INVOKING Fiery Armour.
  7284 | D:9      | Found a staircase to the Orcish Mines.
  7358 | D:9      | 7358 ||| Stepping ~*~*~tactically~*~*~ (stealth).
  7373 | D:9      | 7373 ||| READING scroll of acquirement.
  7373 | D:9      | 7373 ||| ACQUIRING ring of see invisible
  7373 | D:9      | Acquired a ring of see invisible
  7375 | D:9      | 7375 ||| UPGRADING to ring of see invisible.
  7400 | D:9      | 7400 ||| Stepping ~*~*~tactically~*~*~ (stealth).
  7402 | D:9      | 7402 ||| Stepping ~*~*~tactically~*~*~ (stealth).
  7406 | D:9      | 7406 ||| Stepping ~*~*~tactically~*~*~ (stealth).
  7409 | D:9      | 7409 ||| Stepping ~*~*~tactically~*~*~ (outnumbered).
  7605 | D:9      | Found a staircase to the Lair.
  7624 | D:9      | 7624 ||| Stepping ~*~*~tactically~*~*~ (hiding).
  7634 | D:9      | Identified the +10 war axe of Wrongful Imprisonment
                  | {vorpal, rPois rF- Int+4}
  7635 | D:9      | 7635 ||| Stepping ~*~*~tactically~*~*~ (stealth).
  7637 | D:9      | Reached skill level 13 in Unarmed Combat
  7680 | D:9      | Found a bloodstained altar of Trog.
  7757 | D:9      | 7757 ||| PLANNING LAIR
  7757 | D:9      | 7757 ||| UPGRADING to +0 cloak.
  7762 | D:9      | 7762 ||| READING 4 scrolls of enchant armour.
  7762 | D:9      | 7762 ||| ENCHANTING +0 cloak.
  7763 | D:9      | 7763 ||| READING 3 scrolls of enchant armour.
  7763 | D:9      | 7763 ||| ENCHANTING +1 cloak.
  7764 | D:9      | 7764 ||| READING scroll labelled TOXZIQ SALES.
  7765 | D:9      | 7765 ||| READING scroll labelled WECEYSO BUEKO.
  7766 | D:9      | 7766 ||| DRINKING 2 metallic orange potions.
  7783 | D:9      | 7783 ||| DROPPING potion of lignification.
  7819 | Lair:1   | Entered Level 1 of the Lair of Beasts
  7863 | Lair:1   | Reached skill level 1 in Armour
  7918 | Lair:1   | 7918 ||| Stepping ~*~*~tactically~*~*~ (stealth).
  7921 | Lair:1   | 7921 ||| Stepping ~*~*~tactically~*~*~ (stealth).
  7924 | Lair:1   | 7924 ||| INVOKING Fiery Armour.
  7998 | Lair:1   | 7998 ||| PLANNING TEMPLE
  7998 | Lair:1   | 7998 ||| UPGRADING to +0 kite shield.
  8003 | Lair:1   | 8003 ||| READING scroll labelled TOC NIRIONI.
  8004 | Lair:1   | 8004 ||| DRINKING 2 puce potions.
  8123 | Temple   | Entered the Ecumenical Temple
  8124 | Temple   | 8124 ||| PLANNING CONVERSION TO OKAWARU
  8131 | Temple   | Fell from the grace of Ignis
  8131 | Temple   | Became a worshipper of Warmaster Okawaru
  8132 | Temple   | 8132 ||| PLANNING LAIR
  8242 | Lair:1   | Reached skill level 1 in Shields
  8504 | Lair:1   | You fall into a shaft and drop 1 floor!
  8507 | Lair:2   | 8507 ||| Stepping ~*~*~tactically~*~*~ (stealth).
  8510 | Lair:2   | 8510 ||| Stepping ~*~*~tactically~*~*~ (outnumbered).
  8511 | Lair:2   | 8511 ||| Stepping ~*~*~tactically~*~*~ (outnumbered).
  8516 | Lair:2   | HP: 20/96 [yak (7)]
  8516 | Lair:2   | Mangled by a komodo dragon

Levels and vault maps discovered:
D:1:      dpeg_arrival_pond, layout_loops_ring
D:2:      layout_basic, serial_shops, nicolae_square_shop,
          kennysheep_small_spiral
D:3:      layout_loops_cross, lemuel_round_altar, serial_shops, shop,
          uniq_jessica
D:4:      nicolae_cairo_tiling_large, layout_basic, grunt_gozag_statues,
          uniq_ijyb
D:5:      layout_rooms, lemuel_blue_sif_altar, sigmund_edmund_badplayer
D:6:      layout_basic, minmay_temple_entry_drinking_statues,
          grunt_ministairs_2, kennysheep_another_room, nicolae_titane,
          uniq_eustachio
D:7:      layout_basic, minmay_manual_mail
D:8:      layout_rooms, nicolae_ru_sacrificial_ziggurat,
          nicolae_figureground_sparkle
D:9:      layout_roguey, mainiacjoe_overflow_small_starburst,
          lemuel_crystal_altar, fedhas_bush_and_centaur_altar,
          nicolae_qazlal_general_emergency, lair_entry_dummy, david_orc_1_choice
Temple:   dpeg_chambers_temple
Lair:1:   layout_cave_pods, grunt_megastairs_5
Lair:2:   layout_misc_corridors, elwin_shoals_entry_rooms,
          spider_nest_entry_web_field, chequers_serial_rivers_large_b

Skill      XL: |  1  2  3  4  5  6  7  8  9 10 |
---------------+-------------------------------+-----
Unarmed Combat | 4 5 6 8 9 10 12 13 | 13.6
Fighting       | 3 4 5 |  5.4
Dodging        | 1 |  1.8
Throwing       | 2 4 5 |  5.0
Armour         | 1 |  1.7
Shields        | 2 |  2.1
Spellcasting   | |  1.0
Fire Magic     | |  2.1

Action                   |  1- 3 |  4- 6 |  7- 9 | 10-12 || total
-------------------------+-------+-------+-------+-------++-------
Melee: Unarmed           |    75 |   111 |   235 |   108 ||   529
       Punch             |       |     3 |     7 |     8 ||    18
Throw: Large rock        |       |       |    12 |    13 ||    25
       Boomerang         |       |       |       |     2 ||     2
Invok: Fiery Armour      |     1 |     3 |     6 |     2 ||    12
  Use: Scroll            |     2 |    11 |     6 |     6 ||    25
       Potion            |       |     3 |     2 |     2 ||     7
Armor: Robe              |    28 |    21 |    52 |    17 ||   118
Dodge: Dodged            |    29 |    46 |   157 |    65 ||   297
Block: Kite shield       |       |       |       |     5 ||     5

Table legend:
 A = Non-vault XP
 B = Vault XP
 C = Vault XP percentage of total XP
 D = Non-vault monster count
 E = Vault monster count
 F = Vault count percentage of total count
                 A         B        C        D         E       F
            +---------+---------+-------+---------+---------+-------
      Total |    6780 |    2718 |  28.6 |     157 |      22 |  12.3
            +---------+---------+-------+---------+---------+-------
        D:1 |      31 |       0 |   0.0 |      19 |       0 |   0.0
        D:2 |     104 |       0 |   0.0 |      14 |       0 |   0.0
        D:3 |      79 |      37 |  31.9 |      17 |       1 |   5.6
        D:4 |     478 |      36 |   7.0 |      21 |       1 |   4.5
        D:5 |     229 |     385 |  62.7 |       6 |       2 |  25.0
        D:6 |    1260 |     333 |  20.9 |      21 |       3 |  12.5
        D:7 |     568 |     168 |  22.8 |      14 |       3 |  17.6
        D:8 |    1632 |       0 |   0.0 |      13 |       0 |   0.0
        D:9 |     963 |    1024 |  51.5 |      25 |      10 |  28.6
     Lair:1 |    1077 |     735 |  40.6 |       5 |       2 |  28.6
     Lair:2 |     359 |       0 |   0.0 |       2 |       0 |   0.0
            +---------+---------+-------+---------+---------+-------
